[Event "*** MasterClass Titled Tuesday Blitz"]
[Site "Chess.com"]
[Date "2017.10.03"]
[Round "1"]
[White "r31415"]
[Black "Dhaydon19"]
[Result "0-1"]
[WhiteElo "2169"]
[BlackElo "2488"]
[TimeControl "180+2"]
[EndTime "13:09:13 PDT"]
[Termination "Dhaydon19 won by resignation"]

1. e4 c5 2. Nf3 d6 3. d4 cxd4 4. Nxd4 Nf6 5. Nc3 g6 6. h3 Bg7 7. g4 O-O 8. Be3 Nc6 9. Bg2 Bd7 10. Qd2 Nxd4 11. Bxd4 Bc6 12. O-O-O a6 13. f4 Qa5 14.
f5 Rad8 15. Rhf1 b5 16. g5 Nh5 17. Bxg7 Nxg7 18. f6 exf6 19. gxf6 Ne6 20. Kb1 Kh8 21.
h4 b4 22. Nd5 Bxd5 23. exd5 Nc5 24. h5 Rg8 25. Rh1 g5 26. Rde1 Na4 27. Ka1 Rb8 28. Qd4 Nc5 29. b3 Rb7 30. Re7 Rc7 31. Rhe1 Nxb3+ 32. cxb3 Rc2 33. Qb2 Rxb2 34. Kxb2 Qc5 35. Rf1 Qc3+ 36.
Kb1 Rf8 37. Be4 a5 38. Rc1 Qxf6 39. Rcc7 Qf4 40. Bc2 g4 41. Re4 Qf1+ 42. Kb2 Qf6+ 43. Kb1 g3 44. Rg4 g2 45. Bd3 Qf3 46. Be4 0-1

[Event "*** MasterClass Titled Tuesday Blitz"]
[Site "Chess.com"]
[Date "2017.10.03"]
[Round "1"]
[White "Gudmundur_Kjartansson"]
[Black "RitvarsReimanis"]
[Result "1-0"]
[WhiteElo "2319"]
[BlackElo "2416"]
[TimeControl "180+2"]
[EndTime "13:09:16 PDT"]
[Termination "Gudmundur_Kjartansson won by checkmate"]

1. e4 c5 2. Nf3 Nc6 3. Bb5 g6 4. Bxc6 bxc6 5. O-O Bg7 6. Re1 Nh6 7. d4 cxd4 8. Nxd4 d6 9. c3 Bd7 10. Na3 O-O 11.
Nc4 c5 12. Nf3 Be6 13. Ne3 f6 14. Nd5 Nf7 15. Be3 Rb8 16. b4 cxb4 17. cxb4 a5 18.
bxa5 Rb5 19. Bb6 Qd7 20. Nd4 Rxd5 21. exd5 Bxd5 22. Rc1 e5 23. Rc7 Qe8 24. Nf5 Bxa2 25. Nxg7 Kxg7 26. Qxd6 Qb5 27. Qc5 Qxc5 28. Bxc5 Ra8 29.
Bb6 Be6 30. Ra1 Bc8 31. Rd1 Be6 32. Rd6 Bb3 33. Rdd7 f5 34. h4 Be6 35. Rd2 Kf6 36. Rd3 f4 37. Ra3 Bc8 38. Rc6+ Kf5 39. f3 Ba6 40. Bc5 Nd8 41. Rb6 Ne6 42. Be7 Ra7 43. Bg5 Nxg5 44. hxg5 Kxg5 45. Rc3 Kf5 46. Rcc6 Bd3 47. a6 e4 48. Rc5# 1-0

[Event "*** MasterClass Titled Tuesday Blitz"]
[Site "Chess.com"]
[Date "2017.10.03"]
[Round "1"]
[White "Aikiigm"]
[Black "pandamaster3000"]
[Result "0-1"]
[WhiteElo "2437"]
[BlackElo "2149"]
[TimeControl "180+2"]
[EndTime "13:09:25 PDT"]
[Termination "pandamaster3000 won by resignation"]

1. e4 e6 2. d4 d5 3. Nc3 dxe4 4. Nxe4 Bd7 5. Nf3 Bc6 6. Bd3 Nd7 7. Qe2 Ngf6 8. Bg5 Be7 9. Nxf6+ Nxf6 10. O-O-O Bxf3 11. Qxf3 Qd5 12. Qxd5 Nxd5 13. Bd2 O-O 14. Rhe1 Rfd8 15. a3 c5 16. dxc5 Bxc5 17. Re2 Rac8 18. Kb1 Bd6 19. g3 h6 20. Ree1 Bf8 21. Be4 b6 22. Bc1 Nf6 23.
Bf3 Bc5 24. Rxd8+ Rxd8 25. Rf1 Kf8 26. h3 Ke7 27. c3 Nd7 28. Kc2 Ne5 29. Be2 Nd7 30.
f4 Nf6 31. Bf3 Nd5 32. Bxd5 Rxd5 33. b4 Bd6 34. c4 Rh5 35. h4 e5 36. f5 Kf6 37.
Rd1 Ke7 38. Rf1 Kf6 39. Rd1 Ke7 40. Rd5 Rxf5 41. c5 bxc5 42. bxc5 Bb8 43. c6 Rf2+ 44.
Bd2 e4 45. Rd7+ Ke6 46. Kd1 Bxg3 47. Rd4 f5 48. Rd8 Rf3 49. Bb4 Rd3+ 50. Rxd3 exd3 51. h5 Kd5 52. Bc3 Kxc6 53. Bxg7 Bf4 54. Bd4 a6 55. a4 Kd5 0-1

[Event "*** MasterClass Titled Tuesday Blitz"]
[Site "Chess.com"]
[Date "2017.10.03"]
[Round "1"]
[White "Hrant_ChessMood"]
[Black "Zufi1811"]
[Result "1/2-1/2"]
[WhiteElo "2749"]
[BlackElo "2416"]
[TimeControl "180+2"]
[EndTime "13:09:28 PDT"]
[Termination "Game drawn by agreement"]

1. Nf3 d5 2. g3 g6 3. Bg2 Bg7 4. d4 Nh6 5. O-O Nf5 6. c3 O-O 7. Nbd2 c6 8. e4 dxe4 9. Nxe4 Nd7 10. Re1 Nf6 11. Nxf6+ Bxf6 12. Bf4 Nd6 13. Qe2 Bg4 14. h3 Bxf3 15. Bxf3 Re8 16. Kg2 e6 17. h4 h5 18. a4 a5 19. Qc2 Kg7 20. Re2 Nc8 21. Rae1 Ne7 22. Bc1 Nd5 23. Qd2 Kg8 24. Qc2 Kg7 25.
Rh1 Qd6 26. Qd1 Re7 27. Re4 Rae8 28. c4 Nb4 29. Bf4 Qd7 30. g4 hxg4 31. Bxg4 Rh8 32. h5 gxh5 33. Rxh5 Ree8 34. Be3 Reg8 35. Rxh8 Rxh8 36. Qf3 Nc2 37. Qg3 Nxe3+ 38. fxe3 Kf8 39. Qf3 Rh6 40. Qf4 Kg7 41. Bf3 Rg6+ 42. Kf1 Qd8 43. Qh2 Qb6 44. Qc2 Qc7 45. Rg4 Rxg4 46.
Bxg4 Qg3 47. Qe2 Bg5 48. Bf3 Bh4 49. c5 Qh3+ 50. Qg2+ Qxg2+ 51. Bxg2 Kf6 52. Ke2 Ke7 53. Kd3 Bf2 54. Bf3 Kd7 55. Bh5 f6 56. Bg6 Ke7 57.
e4 e5 58. dxe5 fxe5 59. Kc4 Kd8 60. Bf5 Kc7 61. b4 axb4 62. Kxb4 Bg1 63. Kc4 Bd4 64.
Bg4 1/2-1/2

[Event "*** MasterClass Titled Tuesday Blitz"]
[Site "Chess.com"]
[Date "2017.10.03"]
[Round "1"]
[White "Noukii"]
[Black "Tibmat"]
[Result "1-0"]
[WhiteElo "2703"]
[BlackElo "2396"]
[TimeControl "180+2"]
[EndTime "13:09:28 PDT"]
[Termination "Noukii won on time"]

1. d4 Nf6 2. Nf3 b6 3. Bg5 Ne4 4. Bf4 Bb7 5. e3 e6 6. Nbd2 Nxd2 7. Qxd2 c5 8. c3 Be7 9. Be2 O-O 10. O-O d6 11. Rfd1 cxd4 12. exd4 Nd7 13. a4 a6 14. Re1 Rc8 15. Qd3 Re8 16. Bg3 Rc7 17. Nd2 Nf6 18.
Bf3 Qa8 19. Bxb7 Qxb7 20. Nc4 Rd8 21. Ne3 b5 22. axb5 axb5 23. Rad1 Rdc8 24. d5 e5 25. Nf5 Bf8 26. Bh4 Nd7 27. Qg3 g6 28. Ne7+ Bxe7 29.
Bxe7 Qb6 30. h4 b4 31. cxb4 Qxb4 32. h5 Nf8 33. Bg5 Qxb2 34. f4 exf4 35. Bxf4 Rc3 36.
Qh4 Qb6+ 37. Kh2 R3c4 38. Qg3 Rc3 39. Qg5 Qd8 40. Qg4 R3c4 41. Qg3 Rc3 42. Re3 Rxe3 43. Bxe3 Rc3 44. Qf4 Qe7 45. Bd4 Rc4 46. h6 Nd7 47.
Rb1 f5 48. Rb7 Qe8 49. Ra7 Ne5 50. Rg7+ Kh8 51. Kh3 Qa4 52. Re7 Kg8 53. Rg7+ Kh8 54. Qg5 Qb3+ 55. g3 Qb8 56. Qf6 1-0

[Event "*** MasterClass Titled Tuesday Blitz"]
[Site "Chess.com"]
[Date "2017.10.03"]
[Round "1"]
[White "Alexander_Moskalenko"]
[Black "PrinceMurad09"]
[Result "1-0"]
[WhiteElo "2626"]
[BlackElo "2330"]
[TimeControl "180+2"]
[EndTime "13:09:30 PDT"]
[Termination "Alexander_Moskalenko won by resignation"]

1. e4 c5 2. Nf3 d6 3. d4 cxd4 4.
Nxd4 Nf6 5. Nc3 g6 6. Be2 Bg7 7.
O-O O-O 8. Re1 Nc6 9. Nb3 Be6 10. Bf1 d5 11. exd5 Nxd5 12. Nxd5 Qxd5 13. c3 Qxd1 14.
Rxd1 b6 15. Bb5 Ne5 16. Bg5 f6 17. Bf4 Nc4 18. Re1 Bf7 19. Rxe7 Nxb2 20. Rb1 a6 21. Bc6 Rad8 22. Bc7 Rd1+ 23. Rxd1 Nxd1 24. Nd4 Nxc3 25. Ne6 Bxe6 26. Rxe6 Rc8 27. Bxb6 Ne2+ 28. Kf1 Nf4 29. Re8+ Rxe8 30. Bxe8 Bf8 31. Bc6 Bb4 32. g3 Ne6 33. Bd5 Kf7 34. Bc4 a5 35. Bd8 f5 36.
Ke2 Ke8 37. Bxa5 Bxa5 38. Bxe6 Ke7 39. Bg8 h6 40. a4 g5 41. Bh7 Ke6 42. f3 Ke5 43.
Kd3 f4 44. g4 Kd5 45. Bg8+ Kc5 46. Bf7 Kb4 47. Be8 Kb3 48. Ke4 Kc3 49. Kf5 Bb4 50. Kg6 Bf8 51. a5 Kd3 52. a6 Bc5 53. Kxh6 Ke3 54. Bc6 Kf2 55. Kxg5 Be3 56. h4 1-0

[Event "*** MasterClass Titled Tuesday Blitz"]
[Site "Chess.com"]
[Date "2017.10.03"]
[Round "1"]
[White "chessdjw"]
[Black "Rodalquilar"]
[Result "1-0"]
[WhiteElo "2231"]
[BlackElo "2489"]
[TimeControl "180+2"]
[EndTime "13:09:30 PDT"]
[Termination "chessdjw won by resignation"]

1. Nf3 d6 2. d4 f5 3. g3 Nf6 4. Bg2 g6 5. O-O Bg7 6. c4 O-O 7. Nc3 Nc6 8. d5 Na5 9. Qd3 e5 10. dxe6 Bxe6 11. b3 Nc6 12. Bb2 Ne4 13. Rac1 h6 14.
Qc2 Nb4 15. Qb1 Nxc3 16. Bxc3 Bxc3 17. Rxc3 Qf6 18. Rcc1 Rae8 19. e3 Nc6 20. Rfd1 g5 21. Nd4 Nxd4 22. Rxd4 Bc8 23. c5 dxc5 24. Rxc5 c6 25.
h4 Re5 26. hxg5 hxg5 27. Rxe5 Qxe5 28. Qd3 Kg7 29. b4 f4 30. Re4 Qa1+ 31. Bf1 Bh3 32.
Re7+ Rf7 33. Rxf7+ Kxf7 34. Qh7+ Kf8 35. Qxh3 fxe3 36. Qc8+ Ke7 37. Qxb7+ Kd6 38. Qb8+ Kd5 39. Qg8+ Kd6 40. Qg6+ Kc7 41. Qf7+ Kb6 42. fxe3 Qe1 43. Qf2 Qxb4 44. e4+ Kc7 45. e5 Qe4 46. Qxa7+ Kd8 47.
Qb8+ Ke7 48. Qd6+ Ke8 49. Qe6+ Kd8 50. Qg8+ Kc7 51. Qxg5 c5 52. Qf4 Qe1 53. e6+ Kd8 54. Qd6+ Kc8 55. Qxc5+ Kb8 56. Qb6+ Kc8 57. Qc6+ Kb8 58.
Qd6+ Kc8 59. Qf8+ Kc7 60. Qf7+ Kc8 61. Qg8+ Kc7 62. Qg7+ Kc8 63. e7 Qe3+ 64. Kg2 Qe4+ 65.
Kh2 Qc2+ 66. Bg2 Kd7 67. Qf7 Kd6 68. e8=Q 1-0

[Event "*** MasterClass Titled Tuesday Blitz"]
[Site "Chess.com"]
[Date "2017.10.03"]
[Round "1"]
[White "cheese111"]
[Black "VladDobrov"]
[Result "0-1"]
[WhiteElo "2329"]
[BlackElo "2631"]
[TimeControl "180+2"]
[EndTime "13:09:33 PDT"]
[Termination "VladDobrov won by resignation"]

1. e4 c5 2. Nf3 d6 3. d4 cxd4 4. Nxd4 Nf6 5. Nc3 a6 6. Be3 e5 7. Nb3 Be6 8. h3 Be7 9. f4 exf4 10. Bxf4 Nc6 11. Qe2 Ne5 12. O-O-O Qc7 13. g4 O-O 14.
Nd4 b5 15. g5 Nfd7 16. Nf5 Nb6 17. Nxe7+ Qxe7 18. Qf2 Nbc4 19. Nd5 Bxd5 20. exd5 f6 21. Qg3 Rac8 22. Rh2 fxg5 23. Bxg5 Qf7 24. Bxc4 Rxc4 25.
Rg2 Qg6 26. Kb1 h6 27. Be7 Qxg3 28. Rxg3 Rf2 29. Bxd6 Nf7 30. Be7 Rcxc2 31. Bf6 g5 32. d6 Rcd2 33. Rxd2 Rxd2 34. Be7 Nxd6 35. Kc1 Rd5 36.
Re3 Nf5 37. Re2 Kf7 38. Bb4 Rd4 39. Bc3 Rh4 40. Rf2 Ke6 41. Rf3 h5 42. Kd2 g4 43.
hxg4 hxg4 44. Rf4 Rh2+ 45. Kd3 g3 46. Re4+ Kd6 47. a4 Rh3 48. Rg4 g2+ 49. Ke2 Rg3 50. Rxg3 Nxg3+ 51. Kf2 Ne4+ 52. Kxg2 Nxc3 53. axb5 Nxb5 54.
Kf3 Kc5 55. Ke2 Kb4 56. Kd2 Kb3 57. Kc1 Nd4 58. Kb1 a5 59. Ka1 a4 60. Kb1 Nc2 61.
Kc1 Nb4 62. Kb1 Nd3 63. Ka1 Nxb2 64. Kb1 Nc4 65. Ka1 Ne3 66. Kb1 a3 67. Ka1 Nc2+ 0-1

[Event "*** MasterClass Titled Tuesday Blitz"]
[Site "Chess.com"]
[Date "2017.10.03"]
[Round "1"]
[White "Tonychess32"]
[Black "igorkovalenko"]
[Result "0-1"]
[WhiteElo "2406"]
[BlackElo "2738"]
[TimeControl "180+2"]
[EndTime "13:09:34 PDT"]
[Termination "igorkovalenko won on time"]

1. e4 c5 2. Nf3 d6 3. c3 Nf6 4. Be2 g6 5. O-O Bg7 6. Qc2 O-O 7. d3 Nc6 8. h3 e5 9. a4 h6 10. Na3 d5 11. Re1 Re8 12. Bf1 Be6 13. Be3 d4 14.
Bd2 Rc8 15. c4 Qe7 16. Qd1 Nd7 17. g4 Nf8 18. Bg2 Bd7 19. Nc2 Ne6 20. Rf1 Kh7 21. Rb1 a5 22. b3 Rh8 23. Nh2 Kg8 24. Qc1 h5 25. g5 h4 26. Ne1 Rh5 27. Bf3 Rxg5+ 28. Bxg5 Nxg5 29. Bg2 Nxh3+ 30. Kh1 Nf4 31. Bf3 Nb4 32. Rg1 Rc6 33. Qd1 Bh6 34. Rb2 Kh7 35. Bg4 Be8 36. Be2 Rb6 37. Ng2 Nxg2 38. Rxg2 Bf4 39. Bg4 Bxh2 40. Rxh2 Kg7 41. Rh3 g5 42. f3 Rh6 43. Rg2 f6 44. Bf5 Bd7 45. Kg1 Bxf5 46. exf5 Qd7 47. f4 exf4 48. Qg4 Rh8 49. Re2 Nc6 50. Re6 Nd8 51. Re2 Nf7 52. Re6 Nh6 53. Qe2 Nxf5 54. Qe4 Kf7 55. Rb6 Re8 56. Qg2 Re1+ 57. Kh2 Re7 58. Rf3 Ne3 59. Qg1 Qc7 60. Rb5 b6 61. Rf2 f3+ 62. Kh1 g4 63.
Rh2 h3 64. Qf2 Kg6 65. Qh4 Rh7 66. Qe1 f5 67. Rf2 Qc6 68. Qg1 f4 69. Kh2 g3+ 70. Kh1 h2 71. Qf1 g2+ 0-1

[Event "*** MasterClass Titled Tuesday Blitz"]
[Site "Chess.com"]
[Date "2017.10.03"]
[Round "1"]
[White "2L8IWUN"]
[Black "TomsKantans"]
[Result "1/2-1/2"]
[WhiteElo "1802"]
[BlackElo "2409"]
[TimeControl "180+2"]
[EndTime "13:09:35 PDT"]
[Termination "Game drawn by agreement"]

1. d4 Nf6 2. Bf4 g6 3. Nc3 d5 4.
e3 Bg7 5. h4 h6 6. Nb5 Na6 7.
Be2 O-O 8. c4 c5 9. dxc5 Qa5+ 10. Qd2 Qxd2+ 11. Kxd2 Ne4+ 12. Ke1 dxc4 13. Bxc4 Bxb2 14.
Rb1 Bg7 15. Nf3 Nexc5 16. Ke2 Bf5 17. Rbd1 Nb4 18. Nfd4 Bd7 19. Nb3 Be6 20. Bxe6 Nxe6 21. a3 Nc6 22. Rd7 b6 23. Rc1 Rfc8 24. Nc7 Nxc7 25.
Rxc6 Nb5 26. Rxc8+ Rxc8 27. Rxe7 Bf8 28. Rd7 Bxa3 29.
Bxh6 a5 30. e4 a4 31. Nd4 Nxd4+ 32. Rxd4 b5 33. Bd2 Bc5 34. Rd5 b4 35. Rd7 b3 36.
Rb7 Ra8 37. Bc3 Ra7 38. Rb8+ Bf8 39. Bb4 b2 40. Bxf8 b1=Q 41. Rxb1 Kxf8 42. Ra1 a3 43. Kd3 a2 44. Kc3 Ra4 45. f3 f5 46. exf5 gxf5 47. h5 Kg7 48. Kb3 Rh4 49. Rxa2 Rxh5 50.
Kc3 Kf6 51. Kd3 Kg5 52. Ke3 Rh1 53. Kf2 Rb1 54. Re2 Rb4 55. g3 1/2-1/2

[Event "*** MasterClass Titled Tuesday Blitz"]
[Site "Chess.com"]
[Date "2017.10.03"]
[Round "1"]
[White "Morf1us"]
[Black "jefferyx"]
[Result "1-0"]
[WhiteElo "2425"]
[BlackElo "2739"]
[TimeControl "180+2"]
[EndTime "13:09:36 PDT"]
[Termination "Morf1us won by resignation"]

1. e4 c6 2. d4 d5 3. exd5 cxd5 4. c4 Nf6 5. Nc3 Nc6 6. Bg5 Be6 7. a3 g6 8. Bxf6 exf6 9. Be2 Bg7 10. Bf3 Ne7 11. c5 O-O 12. Nge2 Nc6 13. b4 f5 14. O-O g5 15. g3 Qf6 16. Nxd5 Bxd5 17. Bxd5 Rad8 18. Bg2 Nxd4 19. Nxd4 Rxd4 20. Qc2 f4 21. Bxb7 f3 22. Rad1 g4 23. Rxd4 Qxd4 24. Qe4 f5 25. Qe6+ Kh8 26.
c6 Be5 27. Re1 Bc7 28. Qe7 Qd8 29. h3 Bb6 30. hxg4 fxg4 31. Qe5+ Rf6 32. Qe8+ Rf8 33. Qxd8 Rxd8 34. Rc1 Bc7 35. Ba6 Rd2 36. Bc4 Bb6 37.
Be6 Rxf2 38. Kh1 h5 39. c7 Bxc7 40. Rxc7 h4 41. Bxg4 hxg3 42. Bxf3 Rxf3 43. Rxa7 Rb3 44. Kg2 Kg8 45. Ra5 Kf7 46. b5 Ke6 47. a4 Kd5 48. Ra6 Kc5 49. Kh3 Kb4 50. b6 Kc5 51. a5 Kc6 52. Ra7 Ra3 53. b7 1-0

[Event "*** MasterClass Titled Tuesday Blitz"]
[Site "Chess.com"]
[Date "2017.10.03"]
[Round "1"]
[White "sergiochess83"]
[Black "IMVoja"]
[Result "1-0"]
[WhiteElo "2711"]
[BlackElo "2399"]
[TimeControl "180+2"]
[EndTime "13:09:41 PDT"]
[Termination "sergiochess83 won by resignation"]

1. e4 c6 2. d4 d5 3. e5 Bf5 4.
Nf3 e6 5. Be2 h6 6. O-O Ne7 7.
Nbd2 c5 8. dxc5 Nbc6 9. Nb3 Ng6 10. Nfd4 Nxd4 11. Nxd4 Bxc5 12. Nxf5 exf5 13. Bb5+ Kf8 14.
Qe2 Qc7 15. e6 Qe5 16. exf7 Qxe2 17. Bxe2 Kxf7 18. Bf3 Rad8 19. Rd1 Ne7 20. b4 Bb6 21. a4 a6 22. h4 Rd7 23. c4 Rhd8 24. c5 Bc7 25.
Bb2 Ng6 26. Bh5 d4 27. g3 Kf6 28. f4 Ne7 29. b5 Ba5 30. Rd3 Bb4 31. Rc1 axb5 32. axb5 Bc3 33. Bxc3 dxc3 34. Rxd7 Rxd7 35. Rxc3 Rc7 36. Bf3 Ke6 37. Re3+ Kf6 38. Re5 g5 39. h5 gxf4 40. gxf4 Rd7 41. Kf2 Rc7 42. Ke3 Rd7 43.
Bg2 Rc7 44. Kd4 Rd7+ 45. Kc4 Rc7 46. Bf3 Rd7 47. Bd5 Rc7 48. Re6+ Kg7 49. Rb6 Nxd5 50.
Kxd5 Rd7+ 51. Ke6 Rc7 52. Kd6 Rf7 53. c6 bxc6 54. bxc6 Rf6+ 55. Kd5 Kf8 56. c7 1-0

[Event "*** MasterClass Titled Tuesday Blitz"]
[Site "Chess.com"]
[Date "2017.10.03"]
[Round "1"]
[White "SantoBlue"]
[Black "nutibara"]
[Result "0-1"]
[WhiteElo "2547"]
[BlackElo "2300"]
[TimeControl "180+2"]
[EndTime "13:09:43 PDT"]
[Termination "nutibara won by checkmate"]

1. Nf3 d5 2. g3 c5 3. Bg2 Nc6 4.
O-O e5 5. c4 d4 6. e3 f6 7. d3 Bg4 8. h3 Be6 9. exd4 cxd4 10.
Nbd2 Nh6 11. Ne4 Nf7 12. Rb1 Be7 13. b4 a6 14. Bd2 O-O 15. Re1 Qd7 16. Kh2 b5 17. Qc2 bxc4 18. dxc4 Rfc8 19. Nc5 Bxc5 20. bxc5 Bf5 21. Qa4 Bxb1 22. Rxb1 e4 23. Nh4 g5 24.
Bxe4 gxh4 25. Rb6 hxg3+ 26. fxg3 Nfe5 27. Bd5+ Kh8 28. Bf4 Rc7 29. Qd1 Qf5 30. Qa4 Rac8 31. Rxa6 Qd7 32. Qd1 Ra7 33. Bxe5 fxe5 34. Rxa7 Qxa7 35.
Qd2 Qg7 36. a4 Ne7 37. Be4 Rxc5 38. Qb4 Rc8 39. a5 Rg8 40. Qa3 Qf6 41. Kg2 Rf8 42. Bf3 Nf5 43. Kh2 Ne3 44. Qc5 Qxf3 45. Qxe5+ Qf6 46.
Qe4 Qf2+ 47. Kh1 Qf1+ 48. Kh2 Rf2+ 49. Qg2 Rxg2# 0-1

[Event "*** MasterClass Titled Tuesday Blitz"]
[Site "Chess.com"]
[Date "2017.10.03"]
[Round "1"]
[White "swayamsm"]
[Black "Abdodi"]
[Result "1-0"]
[WhiteElo "2481"]
[BlackElo "2154"]
[TimeControl "180+2"]
[EndTime "13:09:43 PDT"]
[Termination "swayamsm won by checkmate"]

1. d4 Nf6 2. Nf3 e6 3. c4 d5 4.
Nc3 c5 5. cxd5 exd5 6. g3 Nc6 7. Bg2 Be7 8. O-O O-O 9. Bf4 Be6 10. Rc1 c4 11. Ne5 Qb6 12. Nxc6 bxc6 13. Na4 Qa6 14. b3 Ba3 15. Rc2 Bf5 16. Rc3 Bb4 17. Rc1 Ba3 18. Rc3 Bb4 19. Re3 Rfe8 20. bxc4 Qxc4 21. a3 Rxe3 22. Bxe3 Bxa3 23. Nc5 Bxc5 24. dxc5 Ne4 25. Qa1 Qxe2 26. Bd4 f6 27. Qb1 Nxg3 28. Qb7 Nxf1 29.
Qxa8+ Kf7 30. Qb7+ Kg6 31. Bxf1 Qg4+ 32. Bg2 Be4 33.
f3 Bxf3 34. Qb1+ Be4 35. Qb2 a5 36. h3 Qd1+ 37. Kh2 Qd3 38. Bf2 Bxg2 39. Kxg2 a4 40. Qb8 Qe4+ 41. Kg1 a3 42. Qa8 Qb1+ 43. Kh2 a2 44.
Qe8+ Kf5 45. Qd7+ Ke4 46. Qg4+ Ke5 47. Bg3# 1-0

[Event "*** MasterClass Titled Tuesday Blitz"]
[Site "Chess.com"]
[Date "2017.10.03"]
[Round "1"]
[White "Mbneu"]
[Black "Blitzstream"]
[Result "1/2-1/2"]
[WhiteElo "2187"]
[BlackElo "2487"]
[TimeControl "180+2"]
[EndTime "13:09:46 PDT"]
[Termination "Game drawn - insufficient material"]

1. d4 Nf6 2. c4 d6 3. f4 e5 4. dxe5 dxe5 5. Qxd8+ Kxd8 6. fxe5 Ng4 7. Bg5+ Be7 8. Bxe7+ Kxe7 9. Nf3 Nc6 10. Nc3 Be6 11. e4 Nb4 12. Kd2 c6 13. Re1 Rad8+ 14. Kc1 Nf2 15. Rg1 Nfd3+ 16. Bxd3 Nxd3+ 17. Kc2 Nxe1+ 18. Nxe1 Bxc4 19. b3 Ba6 20. g4 Rd7 21. Rg3 Rhd8 22. Rg2 Ke6 23. Nf3 h6 24. Rf2 b6 25. h4 Re7 26. h5 Kd7 27. Nh4 Kc8 28. Nf5 Rxe5 29. Nxg7 Bd3+ 30. Kb2 Bxe4 31. Rxf7 Rd2+ 32. Ka3 Ra5+ 33.
Na4 b5 34. Kb4 bxa4 35. Kxa5 a3 36. Ne8 Kd8 37. Nf6 Bb1 38. Kb4 Rxa2 39. Rxa7 Rf2 40. Ng8 a2 41. Nxh6 Rf6 42. g5 Rf4+ 43. Kc3 Rh4 44.
g6 Bxg6 45. hxg6 Rxh6 46. g7 Rg6 47. Kb2 Rg2+ 48. Ka1 Ke8 49. Rxa2 Rxg7 50. Ra8+ Kf7 51. Ra7+ Kf6 52. Rxg7 Kxg7 53. Kb2 Kf6 54. Kc3 Ke6 55. Kc4 Kd6 56. b4 Kc7 57. b5 cxb5+ 58.
Kxb5 1/2-1/2

[Event "*** MasterClass Titled Tuesday Blitz"]
[Site "Chess.com"]
[Date "2017.10.03"]
[Round "1"]
[White "Kirill_Klukin"]
[Black "Bad4life"]
[Result "1-0"]
[WhiteElo "2502"]
[BlackElo "2188"]
[TimeControl "180+2"]
[EndTime "13:09:48 PDT"]
[Termination "Kirill_Klukin won by checkmate"]

1. c4 e5 2. Nc3 Nf6 3. g3 c6 4.
d4 exd4 5. Qxd4 d5 6. Bg5 Be7 7.
Bg2 O-O 8. Nf3 Be6 9. cxd5 Nxd5 10. Bxe7 Qxe7 11. O-O Nxc3 12. Qxc3 Bd5 13. Rfe1 Be4 14.
Nd2 Bxg2 15. Kxg2 Nd7 16. Rad1 Nf6 17. e4 Rfd8 18. e5 Nd5 19. Qb3 Rab8 20. f4 Qe6 21. Ne4 h6 22. Qf3 Qf5 23. Rd2 a5 24. Nd6 Qd7 25. f5 Kh8 26. Qh5 Rf8 27. f6 Qe6 28.
Nf5 Nxf6 29. exf6 Qxe1 30. fxg7+ Kg8 31. gxf8=Q+ Rxf8 32. Nxh6+ Kg7 33. Nf5+ Kf6 34. Rf2 Qe4+ 35. Qf3 Qxf3+ 36. Rxf3 Rd8 37. Nd6+ Ke6 38. Nxb7 Rd2+ 39. Rf2 Rd5 40. Rc2 Kd7 41. Nc5+ Kc7 42. Kf3 Kb6 43. Ne4 Rd3+ 44. Kf4 a4 45. a3 Rd5 46. h4 Rd1 47. h5 Rh1 48. g4 Rf1+ 49. Kg5 Rg1 50.
Nf6 Kb5 51. h6 Re1 52. h7 Re5+ 53. Kh6 Re1 54. Kg7 Rh1 55. Nh5 Rg1 56. h8=Q Rxg4+ 57. Kf8 Re4 58. Qc3 Re6 59. Qb4+ Ka6 60. Qxa4+ Kb7 61. Kxf7 Rh6 62. Qb3+ Kc7 63. Nf6 Rh8 64. Qe6 Kb8 65. Nd7+ Ka7 66. Nc5 Rb8 67. Qd7+ Kb6 68. Na4+ Ka5 69.
Rc5+ Kxa4 70. Qxc6+ Kb3 71. Rb5+ Ka2 72. Rxb8 Kb1 73.
b4 Ka2 74. Qc3 Kb1 75. Rh8 Ka2 76. Rh2+ Kb1 77. Qe1# 1-0

[Event "*** MasterClass Titled Tuesday Blitz"]
[Site "Chess.com"]
[Date "2017.10.03"]
[Round "1"]
[White "wonderfultime"]
[Black "ruvat"]
[Result "1-0"]
[WhiteElo "2574"]
[BlackElo "2299"]
[TimeControl "180+2"]
[EndTime "13:09:58 PDT"]
[Termination "wonderfultime won on time"]

1. d4 d6 2. c4 e5 3. Nf3 e4 4. Ng5 Nf6 5. Nc3 Qe7 6. Qc2 Nc6 7. Ngxe4 Nxe4 8. Nxe4 Nxd4 9. Qd3 Nc6 10. Nc3 Ne5 11. Qe4 c6 12. Bf4 g6 13. e3 Bf5 14.
Qd4 Bg7 15. Qd2 O-O 16. Be2 Rad8 17. O-O Rfe8 18. Rfd1 Be6 19. b3 f5 20. Rac1 Qf7 21. Qc2 h6 22. Bg3 a6 23. Bf1 Qf6 24. Ne2 g5 25. h3 h5 26. Bh2 Nf7 27. Nd4 Bc8 28. Ne2 Kh8 29. Ng3 Qg6 30. Bd3 Nh6 31. Re1 h4 32.
Ne2 Qf6 33. Kh1 Nf7 34. Rcd1 Ne5 35. Nd4 Nxd3 36. Qxd3 d5 37. c5 Bd7 38. Bc7 Rc8 39. Bd6 Re4 40. f3 Ree8 41. Rf1 Rcd8 42. Rde1 Bc8 43. b4 Rd7 44. a3 Rdd8 45. Qd2 Bd7 46. Qf2 f4 47. Nc2 fxe3 48. Rxe3 Rxe3 49. Qxe3 Re8 50. Qd2 Kh7 51. Ne1 Bf5 52. f4 g4 53.
hxg4 Bxg4 54. Nf3 Qf5 55. Ng5+ Kh8 56. Qf2 1-0

[Event "*** MasterClass Titled Tuesday Blitz"]
[Site "Chess.com"]
[Date "2017.10.03"]
[Round "1"]
[White "Kacparov"]
[Black "SabinaFoisor"]
[Result "1-0"]
[WhiteElo "2595"]
[BlackElo "2299"]
[TimeControl "180+2"]
[EndTime "13:10:03 PDT"]
[Termination "Kacparov won by resignation"]

1. e4 e5 2. Nf3 Nc6 3. Bc4 Bc5 4. c3 Nf6 5. d3 a6 6. Bb3 O-O 7. Nbd2 d6 8. h3 Be6 9. Nf1 h6 10. Ng3 d5 11. Qe2 Qd7 12. O-O Rfe8 13. Rd1 Rad8 14.
Bc2 d4 15. c4 b5 16. cxb5 axb5 17. a3 Bf8 18. b4 Ra8 19. Bb2 Qd6 20. Rdc1 Nd7 21.
Qd1 Nb6 22. Bb3 Na4 23. Bxe6 Qxe6 24. Qc2 Ne7 25. Rab1 Rec8 26. Ba1 c5 27. bxc5 Rxc5 28. Qd2 Rac8 29. Rxc5 Rxc5 30. Kh2 Ng6 31. Ne2 Qc6 32.
Ne1 Nc3 33. Rb3 Nxe2 34. Qxe2 Nf4 35. Qd2 Qe6 36. Rb1 Bd6 37. Qd1 f5 38. exf5 Qxf5 39. Kh1 Nxh3 40. Qf3 Qxf3 41. gxf3 Nf4 42. Kg1 Kf7 43.
Kf1 Ke6 44. Bb2 g5 45. Bc1 Nd5 46. Bd2 Nc3 47. Rb3 Kd5 48. Nc2 Nb1 49. Nb4+ Ke6 50.
Rxb1 Rc8 51. Ke2 Ra8 52. Nc2 Rc8 53. Kd1 Rf8 54. Ne1 Bxa3 55. Rxb5 h5 56. Bxg5 Rg8 57. f4 exf4 58. Bxf4 h4 59. Rh5 Rg4 60. Bh2 Bb4 61.
Nf3 Rg2 62. Ke2 Bd6 63. Bxd6 Kxd6 64. Rxh4 Kd5 65. Rxd4+ Kc5 66. Re4 1-0

[Event "*** MasterClass Titled Tuesday Blitz"]
[Site "Chess.com"]
[Date "2017.10.03"]
[Round "1"]
[White "pKiLz5Rn9b"]
[Black "anon97531"]
[Result "1-0"]
[WhiteElo "2529"]
[BlackElo "2268"]
[TimeControl "180+2"]
[EndTime "13:10:05 PDT"]
[Termination "pKiLz5Rn9b won by resignation"]

1. Nf3 d5 2. b3 Nd7 3. Bb2 f6 4. d4 c6 5. e3 e6 6. c4 Bd6 7.
Bd3 Ne7 8. Nbd2 b6 9. e4 Bc7 10. Qe2 O-O 11. O-O Ng6 12. g3 Bb7 13. Rfe1 Re8 14.
Qf1 e5 15. dxe5 Ndxe5 16. Nxe5 Nxe5 17. exd5 Nxd3 18. Qxd3 cxd5 19. cxd5 Qxd5 20. Qxd5+ Bxd5 21. Nf1 Bf7 22. Ne3 Be5 23. Bxe5 Rxe5 24. Rac1 Rae8 25. Rc7 R5e7 26. Rec1 Kf8 27. Rxe7 Rxe7 28. Nf5 Re5 29. g4 g6 30. Ne3 Re7 31. h3 Be6 32. Kg2 Kf7 33. Kg3 Rd7 34. Rc6 Ke7 35. h4 Rd6 36.
Rc7+ Rd7 37. Rc6 Rd6 38. Rc3 Rd7 39. f3 Kd8 40. Ng2 Bf7 41. Nf4 Rc7 42. Rd3+ Rd7 43. g5 Rxd3 44. Nxd3 Ke7 45. Kf4 Be6 46. Nb4 a5 47.
Nc6+ Kd6 48. Nd4 Ke7 49. Ke4 Bd7 50. Kd5 fxg5 51. hxg5 Be8 52. f4 a4 53. Ke5 axb3 54. axb3 Bf7 55. b4 Ba2 56. Nb5 Bb1 57. Nc3 Bd3 58. Nd5+ Kd7 59. Nxb6+ Kc6 60. Nd5 Kb5 61. Nf6 Kxb4 62. Kd4 Bb1 63. Nxh7 Kb5 64. Kd5 Kb6 65. Kd6 Kb5 66. Nf6 Kc4 67. Ke5 Kd3 68. Nd5 Ke2 69. Nc3+ 1-0